 Dungeon Crawl Stone Soup version 0.23.1 (webtiles) character file.

Game seed: 0

716 Kairos the Sneak (level 7, -2/35 HPs)
             Began as a Vine Stalker Assassin on Mar 7, 2019.
             Was a Believer of Uskayaw.
             Slain by an ogre
             ... wielding a cursed -1 giant club
              (10 damage)
             ... on level 4 of the Dungeon.
             The game lasted 00:18:05 (3770 turns).

Kairos the Sneak (Vine Stalker Assassin)            Turns: 3770, Time: 00:18:06

Health: -2/35      AC:  8    Str: 15    XL:     7   Next: 69%
Magic:  0/8        EV: 13    Int: 11    God:    Uskayaw [**....]
Gold:   233        SH:  0    Dex: 16    Spells: 6/6 levels left

rFire    . . .     SeeInvis .   a - +2 dagger
rCold    + . .     Gourm    .   (no shield)
rNeg     . . .     Faith    .   w - +3 leather armour
rPois    .         Spirit   +   C - +0 helmet
rElec    .         Reflect  .   d - +0 cloak
rCorr    .         Harm     .   (no gloves)
MR       .....                  (no boots)
Stlth    ++++......             (no amulet)
HPRegen  0.51/turn              z - ring of protection from cold
MPRegen  0.11/turn              (no ring)

@: no status effects
A: fangs 2, regeneration 1, magic shield, antimagic bite, no potion heal 3, rot
immunity
a: Stomp, Line Pass, Renounce Religion


You were on level 4 of the Dungeon.
You worshipped Uskayaw.
Uskayaw was noncommittal.
You were hungry.

You visited 1 branch of the dungeon, and saw 4 of its levels.
You also visited: Sewer.

You collected 233 gold pieces.

Inventory:

Hand Weapons
 a - a +2 dagger (weapon)
 b - a +0 blowgun
Missiles
 e - 52 poisoned needles
 f - 2 curare-tipped needles
Armour
 c - a +0 robe
 d - a +0 cloak (worn)
 w - a +3 leather armour (worn)
 C - a +0 helmet (worn)
Jewellery
 z - a ring of protection from cold (left hand)
Wands
 u - a wand of polymorph (3)
Scrolls
 i - a scroll of amnesia
 j - a scroll of remove curse {unknown}
 l - a scroll of enchant weapon {unknown}
 n - a scroll of torment {unknown}
 s - a scroll of fear {unknown}
 t - a scroll of magic mapping {unknown}
 v - a scroll of noise {unknown}
 x - a scroll of teleportation
 y - a scroll of identify
 B - a scroll of blinking
Potions
 h - 5 potions of heal wounds {unknown}
 k - a potion of degeneration {unknown}
 m - a potion of haste {unknown}
 o - 4 potions of magic {unknown}
 p - 3 potions of brilliance
 q - a potion of might
 r - 7 potions of curing
 A - 2 potions of flight {unknown}
Comestibles
 g - 10 rations


   Skills:
 + Level 2.9 Fighting
 + Level 3.6 Short Blades
 + Level 1.8 Throwing
 + Level 2.3 Armour
 + Level 2.8 Dodging
 * Level 7.9 Stealth
 + Level 0.7 Unarmed Combat


You had 6 spell levels left.
You didn't know any spells.
Your spell library was empty.

Dungeon Overview and Level Annotations

Branches:
Dungeon (4/15)
 Temple: D:4-7

Altars:
Elyvilon
Makhleb
Okawaru
Trog
Uskayaw


Innate Abilities, Weirdness & Mutations

You have extremely sharp teeth.
Your natural rate of healing is unusually fast.
When hurt, damage is shared between your health and your magic reserves.
Your bite disrupts and absorbs the magic of your enemies.
Potions cannot restore your health.
You are immune to rotting.


Message History

You are too injured to fight recklessly!
You are too injured to fight recklessly!
You are too injured to fight recklessly!
You are too injured to fight recklessly!
You are too injured to fight recklessly!
You are too injured to fight recklessly!
You barely miss the ogre. You bite the ogre, but do no damage.
The ogre is lightly wounded.
You hit the ogre. Your bite misses the ogre.
The ogre is heavily wounded.
The ogre closely misses you.
You can now pass through a line of other dancers.
You hit the ogre but do no damage. You bite the ogre. You drain its power.
You feel invigorated.
The ogre is heavily wounded.
The orc priest invokes the aid of Beogh against you.
Beogh smites you!
* * * LOW HITPOINT WARNING * * *
The ogre hits you with a cursed -1 giant club!
You die...

### #.# #.# #.########.#
.......@Ooo# #
#.########o# .. #.# #. #.
########o#######
..#.##.##.......o......#
. ......................#
.! .....................#
...#..#.................#
.
.........ยง............#


You could see an ogre, an orc priest and 2 orc wizards.

Vanquished Creatures
  Sigmund (D:3)
  Eustachio (D:4)
  2 big kobolds (Sewer)
  A worker ant (D:4)
  Robin (D:3)
  2 adders (D:2)
  6 gnolls
  4 river rats (Sewer)
  2 oozes
  A worm (D:2)
  A dart slug (D:3)
  3 leopard geckos
  3 orcs
  9 bats
  5 giant cockroaches
  12 goblins
  8 hobgoblins
  3 jackals (D:1)
  20 kobolds
  3 quokkas
  6 ball pythons (Sewer)
  8 frilled lizards
  23 rats
125 creatures vanquished.

Notes
Turn   | Place    | Note
-------+----------+-------------------------------------------
     0 | D:1      | Kairos the Vine Stalker Assassin began the quest for the
                  | Orb.
     0 | D:1      | Reached XP level 1. HP: 11/11 MP: 2/2
   104 | D:1      | Reached skill level 5 in Stealth
   142 | D:1      | Reached XP level 2. HP: 7/15 MP: 1/3
  1050 | D:2      | Reached XP level 3. HP: 18/18 MP: 4/4
  1105 | D:2      | Reached skill level 1 in Dodging
  1130 | D:2      | Reached skill level 6 in Stealth
  1630 | D:2      | Gained mutation: Your natural rate of healing is unusually
                  | fast. [Vine Stalker growth]
  1630 | D:2      | Reached XP level 4. HP: 14/23 MP: 3/5
  2028 | D:3      | Noticed Sigmund
  2102 | D:3      | Found a glowing drain.
  2152 | Sewer    | Entered a sewer
  2190 | Sewer    | Noticed a big kobold
  2220 | Sewer    | Killed a big kobold
  2220 | Sewer    | Reached skill level 1 in Armour
  2220 | Sewer    | Reached XP level 5. HP: 23/27 MP: 6/6
  2524 | Sewer    | Reached XP level 6. HP: 32/32 MP: 7/7
  3004 | D:3      | Found a burning altar of Makhleb.
  3005 | D:3      | Found a bloodstained altar of Trog.
  3007 | D:3      | Found a white marble altar of Elyvilon.
  3009 | D:3      | Found a hide-covered altar of Uskayaw.
  3010 | D:3      | Found an iron altar of Okawaru.
  3015 | D:3      | Became a worshipper of Uskayaw the Reveler
  3107 | D:3      | Reached * piety under Uskayaw
  3197 | D:3      | Reached ** piety under Uskayaw
  3216 | D:3      | Killed Sigmund
  3216 | D:3      | Reached skill level 7 in Stealth
  3216 | D:3      | Reached XP level 7. HP: 35/35 MP: 8/8
  3412 | D:3      | Noticed Robin
  3422 | D:3      | Reached *** piety under Uskayaw
  3423 | D:3      | Killed Robin
  3428 | D:3      | Reached **** piety under Uskayaw
  3631 | D:4      | Noticed Eustachio
  3635 | D:4      | Killed Eustachio
  3770 | D:4      | Slain by an ogre

Skill      XL: |  1  2  3  4  5  6 |
---------------+-------------------+-----
Stealth        | 5 6 7 |  7.9
Short Blades   | 2 3 |  3.6
Dodging        | 1 2 |  2.8
Fighting       | 2 |  2.9
Armour         | 1 2 |  2.3
Throwing       | |  1.8
Unarmed Combat | |  0.7

Action                   |  1- 3 |  4- 6 |  7- 9 || total
-------------------------+-------+-------+-------++-------
Melee: Dagger            |    86 |   272 |   113 ||   471
       Bite              |    18 |    62 |    28 ||   108
       Unarmed           |       |    12 |       ||    12
  Use: Scroll            |     3 |     4 |     1 ||     8
       Potion            |       |     4 |       ||     4
 Stab: Sleeping          |    12 |     3 |     3 ||    18
       Distracted        |       |     1 |       ||     1
       Invisible         |       |     1 |       ||     1
       Paralysed         |       |       |     3 ||     3
  Eat: Chunk             |     1 |     6 |     2 ||     9
Armor: Robe              |    17 |       |       ||    17
       Leather armour    |     5 |   120 |    17 ||   142
       Skin              |       |     7 |       ||     7
Dodge: Dodged            |    49 |   218 |    79 ||   346
